 Dungeon Crawl Stone Soup version 0.30-a0-1160-g6e42c06551 (webtiles) character file.

Game seed: 723356843358600984

156 kae the Changer (level 4, -4/34 HPs)
             Began as a Demigod Transmuter on Apr 25, 2023.
             Killed from afar by Grinder (5 damage)
             ... with a puff of flame
             ... on level 3 of the Dungeon.
             The game lasted 00:02:08 (2144 turns).

kae the Changer (Demigod Transmuter)                Turns: 2144, Time: 00:02:08

Health: -4/34      AC:  2    Str: 11    XL:     4   Next: 91%
Magic:  8/11       EV: 19    Int: 19    God:
Gold:   88         SH:  0    Dex: 19    Spells: 2/8 levels left

rFire   . .          .
                       - Unarmed
rCold   . . .        (shield currently unavailable)
rNeg    . . .        a - melded +1 robe
rPois   x            (helmet currently unavailable)
rElec   .            (cloak currently unavailable)
rCorr   .            (gloves currently unavailable)
SInv    .            (boots currently unavailable)
Will    .....        (no amulet)
Stlth   ++           (no ring)
HPRegen 0.25/turn    (no ring)
MPRegen 0.12/turn

%: no passive effects
@: spider-form (expiring), wereblooded (expiring)
A: venomous fangs, tiny, high MP 1, forlorn, divine attributes
a: End Transformation


You were on level 3 of the Dungeon.
You were a venomous arachnid creature.
You visited 1 branch of the dungeon, and saw 3 of its levels.

You collected 88 gold pieces.


Innate Abilities, Weirdness & Mutations

You are a venomous arachnid creature.
You have venomous fangs.
You are tiny and dextrous.
Your spellcasting is less reliable in this form.
Your armour is entirely melded.
You are incapable of wielding weapons or throwing items.
You have an increased reservoir of magic. (+10% MP)
You shall have no god before yourself.
Your divine heritage dramatically boosts your attributes as you level up.


   Skills:
 - Level 0.8 Fighting
 - Level 1.7 Dodging
 - Level 2.6 Unarmed Combat
 + Level 2.9 Spellcasting
 + Level 3.1 Transmutations
 + Level 2.4 Poison Magic


You had 2 spell levels left.
You knew the following spells:

 Your Spells              Type           Power      Damage    Failure   Level
a - Beastly Appendage     Tmut           28%        N/A       13%         1
b - Wereblood             Tmut           14%        N/A       17%         2
c - Spider Form           Tmut/Pois      13%        N/A       32%         3

Your spell library contained the following spells:

 Spells                   Type           Power      Damage    Failure   Level
 Ice Form                 Ice/Tmut       8%         N/A       82%         4

Inventory:

Armour
 a - a +1 robe (melded)
Potions
 b - a potion of lignification {!q}
 c - a potion of berserk rage {unknown}
 d - 3 potions of flight
 e - a potion of resistance

Dungeon Overview and Level Annotations

Branches:
Dungeon (3/15) Zot: 15861

Annotations:
D:3 Grinder

############
#######$)........######
#.....s.##.##..#.#.....
#....5..##.#...#.#.####
#.......##.............
#.......##.#...#.#.###.
#.......##.##.##.#.###.
#.......##.......#.....
#.......#####.######...
##.##.#.# #+ #.#. #.#.


You could see Grinder (very poisoned).


Message History

You lost 1 mp, and now have 10/11 mp.
No target in view!
No target in view!
No target in view!
No target in view!
c - a purple potion Your transformation is almost over. 😎 MP[+1]
Your mp is fully restored (11).
A kobold is nearby!
A kobold is nearby!
A kobold is nearby!
Grinder comes into view.
She is carrying a wand of flame (21).
Grinder shouts!
The kobold throws a stone.
The stone hits you but does no damage. The kobold closely misses you.
The kobold throws a stone.
The stone barely misses you.
Grinder blinks!
Your horns disappear.
Your talons disappear.
Casting: Beastly Appendage (safe; 4% risk of failure)
Confirm with . or Enter, or press ? or * to list all spells.
The spell is quite dangerous to miscast (14% risk of failure)!
Continue anyway? [Y]es or [N]o only, please.
The spell is quite dangerous to miscast (14% risk of failure)!
Continue anyway?
You turn into a venomous arachnid creature.
Your +1 robe melds into your body.
The kobold throws a stone.
The stone completely misses you. 😎 MP[-3]
You lost 3 mp, and now have 8/11 mp.
Casting: Spider Form (quite dangerous; 32% risk of failure)
Confirm with . or Enter, or press ? or * to list all spells.
Your blood is infused with primal strength.
The kobold throws a stone.
The stone hits you but does no damage.
The kobold seems to regain its courage.
The kobold throws a stone.
The stone hits you but does no damage. 😎 MP[-2]
You lost 2 mp, and now have 6/11 mp.
The kobold barely misses you.
Grinder says, "I used to sell toenails on the black market."
Grinder blinks!
You hit the kobold but do no damage.
The kobold is poisoned.
The kobold hits you but does no damage.
You hit the kobold.
The kobold looks as sick as possible!
The kobold completely misses you.
You hit the kobold.
You kill the kobold!
Grinder closely misses you.
Things that are here:
a +0 dagger; a stone; 😎 MP[+1]
You barely miss Grinder. Grinder barely misses you.
You hit Grinder.
Grinder is poisoned.
Grinder gestures at you. Pain shoots through your body! 😮 HP[-9]
You take 9 damage, and now have 25/34 hp.
MASSIVE DAMAGE!! (PAUSE)
You hit Grinder.
Grinder looks as sick as possible!
Grinder blinks!
Unknown command. 😕 HP[+1] Unknown command.
Grinder zaps a wand.
The puff of flame hits you. 😮 HP[-5]
You take 5 damage, and now have 21/34 hp.
Grinder zaps a wand.
The puff of flame hits you.
* * * LOW HITPOINT WARNING * * *
😨 HP[-4]
You take 4 damage, and now have 17/34 hp.
Grinder zaps a wand.
The puff of flame misses you. 😮 HP[+1] MP[+1]
Your transformation is almost over.
Grinder closely misses you.
You hit Grinder. Grinder completely misses you.
You hit Grinder. Grinder misses you.
You hit Grinder.
Grinder zaps a wand.
The puff of flame hits you!
* * * LOW HITPOINT WARNING * * *
😨 HP[-8]
You take 8 damage, and now have 10/34 hp.
MASSIVE DAMAGE!! (PAUSE)
You hit Grinder but do no damage.
Your primal bloodlust is almost over.
Grinder hits you.
* * * LOW HITPOINT WARNING * * *
You writhe in agony.
* * * LOW HITPOINT WARNING * * *
😱 HP[-5]
You take 5 damage, and now have 5/34 hp.
You hit Grinder.
Grinder zaps a wand.
The puff of flame hits you.
* * * LOW HITPOINT WARNING * * *
😱 HP[-4]
You take 4 damage, and now have 1/34 hp.
You hit Grinder.
Grinder zaps a wand.
The puff of flame hits you.
You die...

Skill      XL: |  1  2  3  4 |
---------------+-------------+-----
Transmutations | 2 3 |  3.1
Spellcasting   | 2 |  2.9
Poison Magic   | 1 2 |  2.4
Fighting       | |  0.8
Dodging        | |  1.7
Unarmed Combat | |  2.6

Action                     |  1- 3 |  4- 6 || total
---------------------------+-------+-------++-------
  Melee: Unarmed           |    99 |    57 ||   156
         Headbutt          |    10 |     2 ||    12
         Kick              |     9 |     2 ||    11
         Punch             |     1 |     1 ||     2
   Cast: Beastly Appendage |    20 |     8 ||    28
         Spider Form       |     3 |     4 ||     7
         Wereblood         |     1 |     1 ||     2
    Use: Scroll            |     5 |     3 ||     8
   Stab: Sleeping          |     1 |     1 ||     2
 Armour: Robe              |    21 |     2 ||    23
         Skin              |       |     3 ||     3
  Dodge: Dodged            |    58 |    44 ||   102

Levels and vault maps discovered:
D:1:      heliophobic_arrival_battle_scene, layout_basic
D:2:      layout_loops_ring, minmay_pentomino_s4
D:3:      layout_loops_corners, uniq_grinder, uniq_jessica, uniq_sigmund,
          uniq_natasha

Notes
Turn   | Place    | Note
-------+----------+-------------------------------------------
     0 | D:1      | kae the Demigod Transmuter began the quest for the Orb.
     0 | D:1      | Reached XP level 1. HP: 15/15 MP: 5/5
     0 | D:1      | magus.rc [v1.11.3]
   153 | D:1      | Reached skill level 2 in Transmutations
   190 | D:1      | Reached skill level 2 in Spellcasting
   289 | D:1      | Reached XP level 2. HP: 22/22 MP: 5/7
   552 | D:1      | Reached skill level 1 in Poison Magic
  1118 | D:2      | Reached XP level 3. HP: 24/27 MP: 7/9
  1121 | D:2      | Learned a level 2 spell: Wereblood
  1125 | D:2      | Learned a level 3 spell: Spider Form
  1199 | D:2      | HP: 5/27 [orc/+1 antimagic whip (3)]
  1401 | D:2      | Reached XP level 4. HP: 22/34 MP: 4/10
  1410 | D:2      | Reached skill level 2 in Poison Magic
  1420 | D:2      | Reached skill level 3 in Transmutations
  2117 | D:3      | Noticed Grinder
  2142 | D:3      | HP: 6/34 [Grinder (4)]
  2143 | D:3      | HP: 1/34 [Grinder/puff of flame (4)]
  2144 | D:3      | Killed from afar by Grinder

Vanquished Creatures
  An orc priest (D:2)
  4 gnolls (D:2)
  3 adders (D:2)
  An ufetubus (D:3)
  2 worms (D:2)
  A dart slug (D:1)
  3 orcs (D:2)
  3 ball pythons
  2 endoplasms (D:2)
  2 giant cockroaches
  2 goblins (D:1)
  6 hobgoblins
  3 kobolds
  A quokka (D:1)
  5 bats
  4 frilled lizards (D:1)
  5 rats
48 creatures vanquished.

Table legend:
 A = Non-vault XP
 B = Vault XP
 C = Vault XP percentage of total XP
 D = Non-vault monster count
 E = Vault monster count
 F = Vault count percentage of total count
                 A         B        C        D         E       F
            +---------+---------+-------+---------+---------+-------
      Total |     207 |      16 |   7.2 |      45 |       3 |   6.2
            +---------+---------+-------+---------+---------+-------
        D:1 |      33 |       0 |   0.0 |      20 |       0 |   0.0
        D:2 |     164 |      16 |   8.9 |      23 |       3 |  11.5
        D:3 |      10 |       0 |   0.0 |       2 |       0 |   0.0
            +---------+---------+-------+---------+---------+-------

Skill      XL: |  1  2  3  4 |
---------------+-------------+-----
Transmutations | 2 3 |  3.1
Spellcasting   | 2 |  2.9
Poison Magic   | 1 2 |  2.4
Fighting       | |  0.8
Dodging        | |  1.7
Unarmed Combat | |  2.6

Action                     |  1- 3 |  4- 6 || total
---------------------------+-------+-------++-------
  Melee: Unarmed           |    99 |    57 ||   156
         Headbutt          |    10 |     2 ||    12
         Kick              |     9 |     2 ||    11
         Punch             |     1 |     1 ||     2
   Cast: Beastly Appendage |    20 |     8 ||    28
         Spider Form       |     3 |     4 ||     7
         Wereblood         |     1 |     1 ||     2
    Use: Scroll            |     5 |     3 ||     8
   Stab: Sleeping          |     1 |     1 ||     2
 Armour: Robe              |    21 |     2 ||    23
         Skin              |       |     3 ||     3
  Dodge: Dodged            |    58 |    44 ||   102

Illustrated notes

Table legend:
 A = Kills in this place as a percentage of kills in the entire game.
 B = Kills by you in this place as a percentage of kills by you in the entire game.
 C = Kills by friends in this place as a percentage of kills by friends in the entire game.
 D = Other kills in this place as a percentage of other kills in the entire game.
 E = Experience gained in this place as a percentage of experience gained in the entire game.
 F = Experience gained in this place divided by the number of levels of this place that you have seen.
                   A       B       C       D       E      F
               +-------+-------+-------+-------+-------+----------------------
         Total | 100.0 | 100.0 |   N/A |   N/A | 100.0 |  74.3
       Dungeon | 100.0 | 100.0 |   N/A |   N/A | 100.0 |  74.3
               +-------+-------+-------+-------+-------+----------------------

Table legend: (Time is in decaauts)
 A = Elapsed time spent in this place.
 B = Non-inter-level travel time spent in this place.
 C = Inter-level travel time spent in this place.
 D = Time resting spent in this place.
 E = Time spent auto-exploring this place.
 F = Levels seen in this place.
 G = Mean time per level.
                   A        B        C        D        E       F      G
               +--------+--------+--------+--------+--------+-----+--------+
         Total |   2137 |   2088 |     49 |     90 |   1568 |   3 |  712.3 |
       Dungeon |   2137 |   2088 |     49 |     90 |   1568 |   3 |  712.3 |
               +--------+--------+--------+--------+--------+-----+--------+

Top non-repeatable levels by time:
     D:2: 1125 daAuts
     D:1: 875 daAuts
     D:3: 137 daAuts
